 Dungeon Crawl Stone Soup version 0.31-a0-155-gb63f529262 (webtiles) character file.

Game seed: 16192771667196556400

37 Ijustatesigmund the Stinger (level 3, 0/23 HPs)
             Began as an Octopode Venom Mage on June 12, 2023.
             Killed from afar by an orc wizard (4 damage)
             ... with a magic dart
             ... on level 4 of the Dungeon.
             The game lasted 00:03:46 (1615 turns).

Ijustatesigmund the Stinger (Octopode Venom Mage)   Turns: 1615, Time: 00:03:47

Health: 0/23       AC:  3    Str:  7    XL:     3   Next: 39%
Magic:  2/6        EV: 13    Int: 21    God:
Gold:   102        SH:  0    Dex: 12    Spells: 0/6 levels left

rFire   . . .        j - +1 trident
rCold   . . .        (no shield)
rNeg    . . .        b - +2 hat "Urchaklosoy" {Int+2}
rPois   .            (no amulet)
rElec   .            (no ring)
rCorr   .            (no ring)
SInv    .            (no ring)
Will    .....        (no ring)
Stlth   +++          (no ring)
HPRegen 0.23/turn    (no ring)
MPRegen 0.10/turn    (no ring)
                     (no ring)

%: no passive effects
@: weak-willed
A: almost no armour, amphibious, 8 rings, camouflage 1, gelatinous body 1,
(nimble swimmer 1), tentacles
a: no special abilities


You were on level 4 of the Dungeon.
You visited 1 branch of the dungeon, and saw 4 of its levels.

You collected 102 gold pieces.

Inventory:

Hand Weapons
 j - a +1 trident (weapon)
Armour
 b - the +2 hat "Urchaklosoy" (worn) {Int+2}
   (You acquired it on level 2 of the Dungeon)

   Int:       It affects your intelligence (+2).
 f - a +0 buckler
Jewellery
 g - a ring of fire
Scrolls
 e - a scroll of silence {unknown}
 h - a scroll of noise {unknown}
Potions
 a - a potion of magic
 i - a potion of mutation
 k - a potion of haste {unknown}
 l - a potion of attraction {unknown}


   Skills:
 - Level 1.2 Fighting
 - Level 2.0 Dodging
 - Level 2.6 Stealth
 + Level 2.4 Spellcasting
 + Level 0.3 Conjurations
 - Level 1.0 Transmutations
 + Level 0.9 Air Magic
 + Level 4.1 Poison Magic


You couldn't memorise any spells.
You knew the following spells:

 Your Spells              Type           Power      Damage    Failure   Level
a - Sting                 Tmut/Pois      52%        1d5       4%          1
b - Poisonous Vapours     Pois/Air       26%        N/A       8%          2
c - Mephitic Cloud        Conj/Pois/Air  10%        N/A       21%         3

Your spell library contained the following spells:

 Spells                   Type           Power      Damage    Failure   Level
 Olgreb's Toxic Radiance  Pois           20%        N/A       26%         4


Dungeon Overview and Level Annotations

Branches:
Dungeon (4/15)
 Temple: D:4-7

Altars:
Ashenzari

Annotations:
D:1 1 transporter
D:2 Terence


Innate Abilities, Weirdness & Mutations

You cannot wear most types of armour.
You are amphibious.
You can wear up to eight rings at the same time.
Your skin changes colour to match your surroundings (Stealth+).
Your rubbery body absorbs attacks. (AC +1, EV +1)
((You are camouflaged when in or above water. (Stealth+)))
You have tentacles for arms and can constrict up to eight enemies at once.


Message History

The bat flutters around in erratic circles.
The orc shouts!
You hit the endoplasm.
You squeeze the endoplasm, but do no damage.
The endoplasm is heavily wounded.
The bat hits the endoplasm but does no damage.
The bat barely misses itself.
The endoplasm freezes you.
You are frozen.
The bat hits the orc but does no damage.
The bat hits itself but does no damage.
The endoplasm freezes you.
You are frozen.
Your magical contamination has completely faded away.
The endoplasm attacks as you move away! The endoplasm closely misses you.
The bat flutters around in erratic circles.
The endoplasm attacks as you move away! The endoplasm barely misses you.
The bat flutters around in erratic circles.
The bat barely misses itself.
There is an escape hatch in the floor here.
The endoplasm freezes you.
You are frozen.
You slide downwards.
The hatch slams shut behind you.
The orc shouts!
The orc wizard shouts!
The orc priest shouts!
The orc wizard shouts!
The goblin shouts!
Found a stone staircase leading down.
You see here a +0 leather armour.
As you read the scroll labelled DOBIOF AFFEXIEXZUA, it crumbles to dust.
Magic quickly surges around you.
It was a scroll of vulnerability.
The endoplasm freezes you.
You are frozen.
As you read the scroll labelled WOECIO HIDDA, it crumbles to dust.
It is a scroll of identify.
i - a potion of mutation The endoplasm freezes you.
You are frozen.
* * * LOW HITPOINT WARNING * * *
The orc wizard casts a spell at you. The magic dart hits you.
You die...

#+ ##
#8#J#8#
#.o@#
#.....#
#.#.oo#
# #..o.
#...#
.....
.#.g.>
#.#.###


You could see an orc priest (weak-willed), 2 orc wizards, an orc (weak-willed),
an endoplasm (weak-willed) and a goblin (weak-willed).

Vanquished Creatures
  An adder (D:2)
  A worm (D:2)
  A dart slug (D:1)
  3 ball pythons
  3 endoplasms
  A giant cockroach (D:2)
  2 goblins
  3 hobgoblins
  A jackal (D:1)
  A kobold (D:2)
  4 rats
21 creatures vanquished.

Notes
Turn   | Place    | Note
-------+----------+-------------------------------------------
     0 | D:1      | Ijustatesigmund the Octopode Venom Mage began the quest for
                  | the Orb.
     0 | D:1      | Reached XP level 1. HP: 11/11 MP: 3/3
   191 | D:1      | Found a faded altar of an unknown god.
   371 | D:1      | Reached XP level 2. HP: 18/18 MP: 3/5
   374 | D:1      | Learned a level 2 spell: Poisonous Vapours
   623 | D:1      | You fall into a shaft and drop 1 floor!
   734 | D:2      | Reached skill level 1 in Fighting
   838 | D:2      | Reached skill level 4 in Poison Magic
  1010 | D:2      | Reached XP level 3. HP: 23/23 MP: 2/6
  1014 | D:2      | Learned a level 3 spell: Mephitic Cloud
  1117 | D:2      | Noticed Terence
  1145 | D:2      | Identified a scroll of acquirement
  1145 | D:2      | Acquired the +2 hat "Urchaklosoy" {Int+2}
  1566 | D:3      | Found a broken altar of Ashenzari.
  1615 | D:4      | Killed from afar by an orc wizard

Illustrated notes

Levels and vault maps discovered:
D:1:      spicycebolla_arrival_risky_transporter, layout_loops_ring,
          chequers_ecumenical_altar_twisty, st_stairs_14, minmay_pentomino_o4
D:2:      layout_basic, uniq_terence, uniq_crazy_yiuf_cottage
D:3:      layout_basic, mainiacjoe_overflow_catwalk, nicolae_ashenzari_skybound
D:4:      layout_loops_ring, overflow_temple_1_default,
          lemuel_mausoleum_altar_yredelemnul, serial_shops, shop

Skill      XL: |  1  2 |
---------------+-------+-----
Fighting       | 1 |  1.2
Poison Magic   | 4 |  4.1
Dodging        | |  2.0
Stealth        | |  2.6
Spellcasting   | |  2.4
Conjurations   | |  0.3
Transmutations | |  1.0
Air Magic      | |  0.9

Action                     || total
---------------------------++-------
  Melee: Unarmed           ||    31
         Constrict         ||     9
         Tentacles         ||     9
         Trident           ||    15
   Cast: Sting             ||    13
         Poisonous Vapours ||    12
         Mephitic Cloud    ||     1
    Use: Scroll            ||     4
   Stab: Sleeping          ||     2
 Armour: Skin              ||    13
  Dodge: Dodged            ||    31

Table legend: (Time is in decaauts)
 A = Elapsed time spent in this place.
 B = Non-inter-level travel time spent in this place.
 C = Inter-level travel time spent in this place.
 D = Time resting spent in this place.
 E = Time spent auto-exploring this place.
 F = Levels seen in this place.
 G = Mean time per level.
                   A        B        C        D        E       F      G
               +--------+--------+--------+--------+--------+-----+--------+
         Total |   1619 |   1598 |     21 |    217 |   1123 |   4 |  404.8 |
       Dungeon |   1619 |   1598 |     21 |    217 |   1123 |   4 |  404.8 |
               +--------+--------+--------+--------+--------+-----+--------+

Top non-repeatable levels by time:
     D:1: 787 daAuts
     D:2: 762 daAuts
     D:3: 66 daAuts
     D:4: 1 daAuts
